 Dungeon Crawl Stone Soup version 0.18.1-48-g4cf74bf (webtiles) character file.

92 nikopol the Skirmisher (level 4, 0/41 HPs)
             Began as a Minotaur Berserker on July 11, 2016.
             Was a Believer of Trog.
             Slain by Sigmund
             ... wielding a +0 scythe
              (4 damage)
             ... on level 2 of the Dungeon.
             The game lasted 00:04:19 (1266 turns).

nikopol the Skirmisher (Minotaur Berserker)         Turns: 1266, Time: 00:04:20

Health: 0/41       AC:  0    Str: 21    XL:     4   Next: 35%
Magic:  3/3        EV: 15    Int:  4    God:    Trog [**....]
Gold:   78         SH:  0    Dex: 11    Spells: 0 memorised, 3 levels left

rFire  . . .     SeeInvis .     (weapon currently unavailable)
rCold  . . .     Gourm    .     (armour currently unavailable)
rNeg   . . .     Faith    .     (shield currently unavailable)
rPois  .         Spirit   .     (helmet currently unavailable)
rElec  .         Dismiss  .     (cloak currently unavailable)
rCorr  .         Reflect  .     (gloves currently unavailable)
SustAt .         Harm     .     (boots currently unavailable)
MR     .....                    (no amulet)
Stlth  +.........               (ring currently unavailable)
                                (ring currently unavailable)

@: pig-form (expiring), very quick, not resistant to hostile enchantments, very
unstealthy
A: (retaliatory headbutt), (horns 0)
a: Berserk, Trog's Hand, Burn Spellbooks, Renounce Religion


You were on level 2 of the Dungeon.
You worshipped Trog.
Trog was pleased with you.
You were very hungry.
You were a filthy swine.
You visited 1 branch of the dungeon, and saw 2 of its levels.

You collected 78 gold pieces.

Inventory:

Hand Weapons
 a - a +0 spear (melded)
Missiles
 i - 45 arrows (quivered)
Armour
 b - a +0 animal skin (melded)
Jewellery
 l - an uncursed ring of protection from magic {unknown}
Scrolls
 d - 2 scrolls of identify {unknown}
 g - a scroll of blinking {unknown}
 j - a scroll of noise {unknown}
 k - a scroll of enchant armour {unknown}
 m - a scroll of remove curse {unknown}
Potions
 e - a potion of haste {unknown}
 f - a potion of flight {unknown}
 n - 2 potions of curing {unknown}
Comestibles
 c - a bread ration


   Skills:
 + Level 4.4 Fighting
 + Level 4.2 Polearms
 + Level 3.8 Armour
 + Level 3.0 Dodging


You had 3 spell levels left.
You didn't know any spells.

Dungeon Overview and Level Annotations

Branches:
Dungeon (2/15)

Altars:

Annotations:
D:2 Sigmund


Innate Abilities, Weirdness & Mutations

((You reflexively headbutt those who attack you in melee.))
((You have a pair of horns on your head.))


Message History

You are more confused.
You bump into the rock wall.
You hear some strange, mumbled words.
A puff of flame appears from out of thin air!
The puff of flame misses you. Something hits you!
* * * LOW HITPOINT WARNING * * *
You bump into the rock wall.
You hear a zap.
Something hits you.
* * * LOW HITPOINT WARNING * * *
You bump into the rock wall.
Your transformation is almost over.
You bump into the rock wall.
Something barely misses you.
You completely miss something.
You hear a zap.
You miss something.
You feel less confused. Something hits you.
You die...

#.# #.# #.# ♣###### ..
#.....# #.
#...§.###################.
#.....(.....(.............
#.....###############.....
#.......{h..# #.####
#......####.# #.# #
####+#<.. #.# #.# #
#.#.##.♣ #.# # #.#.##♣♣
#.# # #.# # #.# # #.# #.#
# #.# #.#


There were no monsters in sight!

Vanquished Creatures
  Jessica (D:2)
  Natasha (D:2)
  2 dart slugs (D:1)
  A worm (D:2)
  3 giant geckos (D:1)
  A giant cockroach (D:1)
  3 goblins (D:1)
  3 hobgoblins (D:1)
  4 jackals (D:1)
  4 kobolds
  7 bats
  4 rats
34 creatures vanquished.

Notes
Turn   | Place    | Note
--------------------------------------------------------------
     0 | D:1      | nikopol the Minotaur Berserker began the quest for the Orb.
     0 | D:1      | Reached XP level 1. HP: 19/19 MP: 0/0
    46 | D:1      | Reached XP level 2. HP: 10/27 MP: 1/1
   391 | D:1      | Reached XP level 3. HP: 25/33 MP: 2/2
   400 | D:1      | Reached ** piety under Trog
   801 | D:2      | Noticed Jessica
   808 | D:2      | Killed Jessica
  1225 | D:2      | Noticed Natasha
  1225 | D:2      | Noticed Sigmund
  1228 | D:2      | Killed Natasha
  1228 | D:2      | Reached XP level 4. HP: 36/41 MP: 3/3
  1266 | D:2      | Slain by Sigmund

Skill      XL: |  1  2  3 |
---------------+----------+-----
Armour         | 3 |  3.8
Fighting       | 4 |  4.4
Polearms       | 4 |  4.2
Dodging        | 3 |  3.0

Action                   |  1- 3 |  4- 6 || total
-------------------------+-------+-------++-------
Melee: Spear             |    83 |     1 ||    84
       Headbutt          |    14 |       ||    14
       Unarmed           |       |    10 ||    10
 Stab: Distracted        |     1 |       ||     1
Armor: Animal skin       |     6 |     1 ||     7
       Skin              |       |     1 ||     1
Dodge: Dodged            |    41 |     7 ||    48
